 Dungeon Crawl Stone Soup version 0.22.1-1-ga44c0e5 (webtiles) character file.

30 Folque the Magician (level 3, -2/24 HPs)
             Began as an Octopode Wizard on Oct 4, 2018.
             Slain by a hobgoblin (5 damage)
             ... on level 2 of the Dungeon.
             The game lasted 00:02:57 (998 turns).

Folque the Magician (Octopode Wizard)                Turns: 998, Time: 00:03:00

Health: -2/24      AC:  1    Str:  5 (6)  XL:     3   Next: 18%
Magic:  1/7        EV: 13    Int: 19 (21) God:
Gold:   111        SH:  0    Dex:  8 (10) Spells: 3/8 levels left

rFire    . . .     SeeInvis .   j - +0 spear
rCold    . . .     Gourm    .   (no shield)
rNeg     . . .     Faith    .   a - +0 hat
rPois    +         Spirit   .   (no amulet)
rElec    .         Reflect  .   k - ring of poison resistance
rCorr    .         Harm     .   (no ring)
MR       .....                  (no ring)
Stlth    +++.......             (no ring)
HPRegen  0.08/turn              (no ring)
MPRegen  0.10/turn              (no ring)
                                (no ring)
                                (no ring)

@: lethally poisoned (-2 -> -5)
A: almost no armour, stealthy swim, amphibious, 8 rings, constrict 8, camouflage
1, gelatinous body 1
a: no special abilities


You were on level 2 of the Dungeon.
You were not hungry.

You visited 1 branch of the dungeon, and saw 2 of its levels.

You collected 111 gold pieces.

Inventory:

Hand Weapons
 d - a +0 mace of holy wrath
 j - a +0 spear (weapon)
 l - a +0 hunting sling
Missiles
 h - 25 sling bullets
Armour
 a - a +0 hat (worn)
Jewellery
 k - a ring of poison resistance (left tentacle)
Scrolls
 e - a scroll of teleportation {unknown}
 f - a scroll of amnesia {unknown}
Potions
 i - a potion of might {unknown}
Comestibles
 c - 5 rations


   Skills:
 * Level 1.7 Fighting
 - Level 2.0 Dodging
 - Level 2.6 Stealth
 - Level 3.2 Spellcasting
 + Level 1.9 Conjurations
 - Level 1.0 Summonings
 - Level 1.0 Translocations


You had 3 spell levels left.
You knew the following spells:

 Your Spells              Type           Power        Failure   Level  Hunger
a - Magic Dart            Conj           ##..         7%          1    None
b - Call Imp              Summ           #.......     16%         2    ##.....
c - Blink                 Tloc           N/A          16%         2    ##.....

Your spell library contained the following spells:

 Spells                   Type           Power        Failure   Level  Hunger
 Slow                     Hex            #.......     22%         2    ##.....
 Conjure Flame            Conj/Fire      #.......     30%         3    ###....
 Mephitic Cloud           Conj/Pois/Air  #.......     34%         3    ###....


Dungeon Overview and Level Annotations

Branches:
Dungeon (2/15)

Altars:


Innate Abilities, Weirdness & Mutations

You cannot wear most types of armour.
You are very stealthy in the water. (Stealth+)
You are amphibious.
You can wear up to eight rings at the same time.
You can use your tentacles to constrict eight enemies at once.
Your skin changes colour to match your surroundings (Stealth+).
Your rubbery body absorbs attacks. (AC +1, EV +1)


Message History

The rat dies!
You closely miss the adder. Your grab misses the adder. The adder bites you.
Something hits your white imp.
Your crimson imp hits the adder.
An adder comes into view.
You miss the adder. You grab the adder.
The adder is moderately wounded.
You constrict the adder.
You feel sick. The adder bites you.
* * * LOW HITPOINT WARNING * * *
Your crimson imp hits the adder.
The adder misses you.
Your crimson imp completely misses the hobgoblin.
Unknown command.
Okay, then.
Okay, then.
It was a potion of degeneration.
There was something very wrong with that liquid.
You feel weakened.
You feel dopey.
You feel clumsy.
You constrict the adder. Something bites your crimson imp. The adder bites you.
* * * LOW HITPOINT WARNING * * *
The hobgoblin hits you.
You die...

..# ###########.#
#.........#.#
####.######.##.# ..<..#
#.##.##
##.########.....#######
#.# ....)............#
#.# #########.5S.....#
#.# #.5@.....# #.#
##g####### ...
.).....5..r.... ..#
.....#......### ....
.......... ...
.#......### ..
..#......# . ..
#......# ... #......#


You could see an adder, a hobgoblin, 2 friendly crimson imps and a friendly
white imp.

Vanquished Creatures
  4 bats (D:1)
  A giant cockroach (D:1)
  A goblin (D:1)
  6 hobgoblins (D:1)
  3 jackals (D:1)
  4 frilled lizards (D:1)
  A kobold (D:1)
  4 rats (D:1)
24 creatures vanquished.

Vanquished Creatures (collateral kills)
  An adder (D:2)
  A jackal (D:1)
  A rat (D:2)
3 creatures vanquished.

Grand Total: 27 creatures vanquished

Notes
Turn   | Place    | Note
-------+----------+-------------------------------------------
     0 | D:1      | Folque the Octopode Wizard began the quest for the Orb.
     0 | D:1      | Reached XP level 1. HP: 11/11 MP: 4/4
   107 | D:1      | Reached skill level 1 in Fighting
   107 | D:1      | Reached XP level 2. HP: 16/18 MP: 6/6
   481 | D:1      | Learned a level 2 spell: Call Imp
   484 | D:1      | Learned a level 2 spell: Blink
   927 | D:1      | Reached XP level 3. HP: 19/23 MP: 7/7
   998 | D:2      | Slain by a hobgoblin

Skill      XL: |  1 |
---------------+----+-----
Fighting       | 1 |  1.7
Dodging        | |  2.0
Stealth        | |  2.6
Spellcasting   | |  3.2
Conjurations   | |  1.9
Summonings     | |  1.0
Translocations | |  1.0

Action                   || total
-------------------------++-------
Melee: Unarmed           ||    11
       Mace              ||    23
       Tentacles         ||     9
       Constrict         ||     9
       Spear             ||    23
 Cast: Magic Dart        ||     4
       Call Imp          ||     4
  Use: Scroll            ||     1
       Potion            ||     1
 Stab: Sleeping          ||     5
Armor: Skin              ||     8
Dodge: Dodged            ||    40
